SL
PENSACOLA BLUE WAHOOS @ JACKSONVILLE SUNS
06/19/2098
 
TOP OF THE 1ST
Pensacola Blue Wahoos batting - Pitching for Jacksonville Suns : RHP Aaron Clements
Pitching: RHP Aaron Clements
Batting: LHB Mike Besaw 0-0: Ball
1-0: Ball
2-0: Called Strike
2-1: Fly out, F3 (Popup, 23F, EV 91.3 MPH)
Batting: RHB Josh Meyers 0-0: Ball
1-0: Ground out 6-3 (Groundball, P, EV 87.5 MPH)
Batting: LHB Jonathan Wilkerson 0-0: Foul Ball, location: 7LMF
0-1: Foul Ball, location: 2RF
0-2: Ball
1-2: SINGLE (Line Drive, 9S, EV 92.5 MPH)
Batting: SHB Mike Pagan 0-0: Called Strike
0-1: Foul Ball, location: 2F
0-2: Strikes out swinging
Top of the 1st over - 0 runs, 1 hit, 0 errors, 1 left on base; Pensacola 0 - Jacksonville 0
BOTTOM OF THE 1ST
Jacksonville Suns batting - Pitching for Pensacola Blue Wahoos : RHP Antonio Astorga
Pitching: RHP Antonio Astorga
Batting: RHB Marc Martin 0-0: Ball
1-0: Called Strike
1-1: SOLO HOME RUN (Flyball, 78XD, EV 105.6 MPH), Distance : 424 ft
Batting: LHB Joe Krause 0-0: Ground out 4-3 (Groundball, 4, EV 92.5 MPH)
Batting: LHB Frank Adams 0-0: Called Strike
0-1: Swinging Strike
0-2: Foul Ball, location: 3F
0-2: Ball
1-2: Strikes out looking
Batting: RHB Wilson Cruz 0-0: Called Strike
0-1: Swinging Strike
0-2: Ball
1-2: Fly out, F9 (Flyball, 9S, EV 88.8 MPH)
Bottom of the 1st over - 1 run, 1 hit, 0 errors, 0 left on base; Pensacola 0 - Jacksonville 1
TOP OF THE 2ND
Pensacola Blue Wahoos batting - Pitching for Jacksonville Suns : RHP Aaron Clements
Batting: LHB Tony Leandro 0-0: Ball
1-0: Foul Ball, location: 2F
1-1: Ball
2-1: Ground out U3 (Groundball, 3, EV 85.6 MPH)
Batting: RHB Rich Bruce 0-0: Ball
1-0: Ball
2-0: SOLO HOME RUN (Flyball, 7D, EV 99.4 MPH), Distance : 383 ft
Batting: LHB Mike Fryback 0-0: Called Strike
0-1: Ball
1-1: Foul Ball, location: 2F
1-2: Ball
2-2: Fly out, F9 (Flyball, 9, EV 83.1 MPH)
Batting: RHB Elliott Holt 0-0: Foul Ball, location: 25F
0-1: Ball
1-1: Called Strike
1-2: Ball
2-2: Strikes out swinging
Top of the 2nd over - 1 run, 1 hit, 0 errors, 0 left on base; Pensacola 1 - Jacksonville 1
BOTTOM OF THE 2ND
Jacksonville Suns batting - Pitching for Pensacola Blue Wahoos : RHP Antonio Astorga
Batting: LHB Jerry Morales 0-0: Ball
1-0: Ball
2-0: Ball
3-0: Base on Balls
Batting: RHB Chris Jenkins 0-0: Bunted foul
0-1: Called Strike
0-2: Ball
1-2: Ball
2-2: Strikes out swinging
Batting: RHB Jeff Loggins 0-0: Called Strike
Jerry Morales steals 2nd base
0-1: Swinging Strike
0-2: Ground out 6-3 (Groundball, 6, EV 86.9 MPH)
Batting: LHB Art Newcomb 0-0: Foul Ball, location: 2F
0-1: Foul Ball, location: 2F
0-2: Ball
1-2: Ball
2-2: Fly out, F9 (Flyball, 9LSF, EV 86.3 MPH)
Bottom of the 2nd over - 0 runs, 0 hits, 0 errors, 1 left on base; Pensacola 1 - Jacksonville 1
TOP OF THE 3RD
Pensacola Blue Wahoos batting - Pitching for Jacksonville Suns : RHP Aaron Clements
Batting: RHB Jose Rivera 0-0: Ball
1-0: Foul Ball, location: 25F
1-1: Fly out, F8 (Flyball, 8LD, EV 110.0 MPH)
Batting: LHB Mike Besaw 0-0: Ball
1-0: Called Strike
1-1: Foul Ball, location: 3FF
1-2: Foul Ball, location: 23F
1-2: Ground out 6-3 (Groundball, 6, EV 84.4 MPH)
Batting: RHB Josh Meyers 0-0: Ball
1-0: DOUBLE (Line Drive, 9LS, EV 103.1 MPH)
Batting: LHB Jonathan Wilkerson 0-0: Foul Ball, location: 2LF
0-1: Ball
1-1: Foul Ball, location: 2F
1-2: Ball
2-2: Hit by Pitch
Batting: SHB Mike Pagan 0-0: Swinging Strike
0-1: Fly out, F6 (Popup, P, EV 76.3 MPH)
Top of the 3rd over - 0 runs, 1 hit, 0 errors, 2 left on base; Pensacola 1 - Jacksonville 1
BOTTOM OF THE 3RD
Jacksonville Suns batting - Pitching for Pensacola Blue Wahoos : RHP Antonio Astorga
Batting: RHB Jim Unknown 0-0: Fly out, F2 (Popup, 15S, EV 85.6 MPH)
Batting: RHB Marc Martin 0-0: Ball
1-0: Ball
2-0: Called Strike
2-1: Foul Ball, location: 2F
2-2: Ball
3-2: DOUBLE (Line Drive, 7LM, EV 89.4 MPH)
Batting: LHB Joe Krause 0-0: Ball
1-0: Ball
2-0: Ground out 6-3 (Groundball, 6, EV 87.5 MPH)
Batting: LHB Frank Adams 0-0: Ball
1-0: Ball
2-0: Ball
3-0: Called Strike
3-1: Base on Balls
Batting: RHB Wilson Cruz 0-0: Foul Ball, location: 5SF
0-1: Called Strike
0-2: Ball
1-2: TRIPLE (Line Drive, 89XD, EV 105.0 MPH)
Marc Martin scores
Frank Adams scores
Batting: LHB Jerry Morales 0-0: DOUBLE (Groundball, 3L, EV 103.1 MPH)
Wilson Cruz scores
Batting: RHB Chris Jenkins 0-0: Called Strike
0-1: Ball
1-1: Fly out, F6 (Line Drive, 6MD, EV 67.5 MPH)
Bottom of the 3rd over - 3 runs, 3 hits, 0 errors, 1 left on base; Pensacola 1 - Jacksonville 4
TOP OF THE 4TH
Pensacola Blue Wahoos batting - Pitching for Jacksonville Suns : RHP Aaron Clements
Batting: LHB Tony Leandro 0-0: Called Strike
0-1: SOLO HOME RUN (Line Drive, 9LD, EV 100.0 MPH), Distance : 355 ft
Batting: RHB Rich Bruce 0-0: Foul Ball, location: 2F
0-1: Swinging Strike
0-2: Ball
1-2: Ball
2-2: Ball
3-2: DOUBLE (Line Drive, 7LM, EV 86.9 MPH)
Batting: LHB Mike Fryback 0-0: Called Strike
0-1: Called Strike
0-2: Ball
1-2: Ball
2-2: Ball
3-2: Foul Ball, location: 7LSF
3-2: 2-RUN HOME RUN (Flyball, 7D, EV 93.1 MPH), Distance : 367 ft
Batting: RHB Elliott Holt 0-0: Foul Ball, location: 5F
0-1: Foul Ball, location: 7LSF
0-2: Ball
1-2: Foul Ball, location: 2F
1-2: Foul Ball, location: 2F
1-2: Strikes out looking
Batting: RHB Jose Rivera 0-0: Called Strike
0-1: Fly out, F7 (Flyball, 7, EV 100.0 MPH)
Batting: LHB Mike Besaw 0-0: Ball
1-0: DOUBLE (Flyball, 89XD, EV 98.1 MPH)
Batting: RHB Josh Meyers 0-0: Ball
1-0: Called Strike
1-1: Ball
2-1: Fly out, F7 (Line Drive, 7D, EV 87.5 MPH)
Top of the 4th over - 3 runs, 4 hits, 0 errors, 1 left on base; Pensacola 4 - Jacksonville 4
BOTTOM OF THE 4TH
Jacksonville Suns batting - Pitching for Pensacola Blue Wahoos : RHP Antonio Astorga
Batting: RHB Jeff Loggins 0-0: Ball
1-0: Ball
2-0: Ball
3-0: Called Strike
3-1: Foul Ball, location: 2F
3-2: Foul Ball, location: 9LMF
3-2: Fly out, F3 (Line Drive, 34, EV 101.9 MPH)
Batting: LHB Art Newcomb 0-0: Foul Ball, location: 7LDF
0-1: Foul Ball, location: 2F
0-2: Ball
1-2: Ball
2-2: Ball
3-2: SINGLE (Flyball, 78S, EV 89.4 MPH)
Batting: RHB Jim Unknown 0-0: Foul Ball, location: 3F
0-1: Fly out, F3 (Popup, 3S, EV 66.9 MPH)
Batting: RHB Marc Martin 0-0: Ball
1-0: Called Strike
1-1: Ball
2-1: Foul Ball, location: 9LSF
2-2: Ball
3-2: Base on Balls
Art Newcomb to second
Batting: LHB Joe Krause 0-0: Ball
1-0: Swinging Strike
1-1: Called Strike
1-2: Foul Ball, location: 9LMFF
1-2: Ball
2-2: DOUBLE (Line Drive, 3D, EV 97.5 MPH)
Art Newcomb scores
Marc Martin to third
Runner from 3rd tries for Home, SAFE, no throw by RF
Pitching: RHP R.J. Thompson Jr.
Batting: LHB Frank Adams 0-0: Called Strike
0-1: Called Strike
0-2: Strikes out swinging
Bottom of the 4th over - 2 runs, 2 hits, 0 errors, 1 left on base; Pensacola 4 - Jacksonville 6
TOP OF THE 5TH
Pensacola Blue Wahoos batting - Pitching for Jacksonville Suns : RHP Aaron Clements
Batting: LHB Jonathan Wilkerson 0-0: Fly out, F7 (Line Drive, 7S, EV 105.6 MPH)
Batting: SHB Mike Pagan 0-0: Foul Ball, location: 7LSF
0-1: Swinging Strike
0-2: Ball
1-2: Strikes out looking
Batting: LHB Tony Leandro 0-0: Ball
1-0: Ball
2-0: Ball
3-0: Called Strike
3-1: Foul Ball, location: 2F
3-2: Foul Ball, location: 25F
3-2: Foul Ball, location: 5SF
3-2: Base on Balls
Batting: RHB Rich Bruce 0-0: Called Strike
0-1: Fly out, F6 (Popup, 56, EV 78.1 MPH)
Top of the 5th over - 0 runs, 0 hits, 0 errors, 1 left on base; Pensacola 4 - Jacksonville 6
BOTTOM OF THE 5TH
Jacksonville Suns batting - Pitching for Pensacola Blue Wahoos : RHP R.J. Thompson Jr.
Batting: RHB Wilson Cruz 0-0: Called Strike
0-1: Ball
1-1: Fly out, F9 (Flyball, 9D, EV 93.8 MPH)
Batting: LHB Jerry Morales 0-0: Called Strike
0-1: Ball
1-1: Foul Ball, location: 9LMF
1-2: DOUBLE (Line Drive, 89D, EV 99.4 MPH)
Batting: RHB Chris Jenkins 0-0: Ball
1-0: SINGLE (Line Drive, 78S, EV 105.0 MPH)
Jerry Morales to third
Batting: RHB Jeff Loggins 0-0: Called Strike
0-1: Called Strike
0-2: Strikes out swinging
Batting: LHB Art Newcomb 0-0: Foul Ball, location: 7LSF
0-1: Ball
1-1: Foul Ball, location: 7LMF
1-2: Ball
2-2: Strikes out looking
Bottom of the 5th over - 0 runs, 2 hits, 0 errors, 2 left on base; Pensacola 4 - Jacksonville 6
TOP OF THE 6TH
Pensacola Blue Wahoos batting - Pitching for Jacksonville Suns : RHP Aaron Clements
Batting: LHB Mike Fryback 0-0: Called Strike
0-1: Ball
1-1: Ball
2-1: Ball
3-1: Foul Ball, location: 3SF
3-2: Foul Ball, location: 2F
3-2: Fly out, F8 (Flyball, 8LD, EV 110.6 MPH)
Batting: RHB Elliott Holt 0-0: Ground out 3-1 (Groundball, 34, EV 86.9 MPH)
Batting: RHB Jose Rivera 0-0: SINGLE (Line Drive, 34D, EV 105.0 MPH)
Batting: LHB Mike Besaw 0-0: Ball
1-0: Ball
2-0: Ball
3-0: Called Strike
3-1: Fly out, F8 (Flyball, 8LD, EV 73.1 MPH)
Top of the 6th over - 0 runs, 1 hit, 0 errors, 1 left on base; Pensacola 4 - Jacksonville 6
BOTTOM OF THE 6TH
Jacksonville Suns batting - Pitching for Pensacola Blue Wahoos : RHP R.J. Thompson Jr.
Batting: RHB Jim Unknown 0-0: Called Strike
0-1: Foul Ball, location: 9LSF
0-2: Strikes out swinging
Batting: RHB Marc Martin 0-0: Swinging Strike
0-1: Swinging Strike
0-2: Foul Ball, location: 2F
0-2: Ball
1-2: Strikes out swinging
Batting: LHB Joe Krause 0-0: Fly out, F7 (Flyball, 7LS, EV 76.3 MPH)
Bottom of the 6th over - 0 runs, 0 hits, 0 errors, 0 left on base; Pensacola 4 - Jacksonville 6
TOP OF THE 7TH
Pensacola Blue Wahoos batting - Pitching for Jacksonville Suns : RHP Aaron Clements
Batting: RHB Josh Meyers 0-0: Called Strike
0-1: Swinging Strike
0-2: Ball
1-2: Ball
2-2: Ball
3-2: Fly out, F6 (Line Drive, 6D, EV 70.6 MPH)
Batting: LHB Jonathan Wilkerson 0-0: Ball
1-0: Foul Ball, location: 3FF
1-1: Ball
2-1: Ball
3-1: Ground out 3-1 (Groundball, 34, EV 80.0 MPH)
Batting: SHB Mike Pagan 0-0: Ball
1-0: Ball
2-0: Ball
3-0: Called Strike
3-1: Swinging Strike
3-2: Base on Balls
Pitching: RHP Jon Fenton
Batting: LHB Tony Leandro 0-0: Swinging Strike
0-1: Foul Ball, location: 2F
0-2: Ball
1-2: Ball
2-2: Ball
3-2: SINGLE (Groundball, 13, EV 95.6 MPH) (infield hit)
Mike Pagan to second
Batting: RHB Rich Bruce 0-0: Fly out, F8 (Flyball, 8LD, EV 76.9 MPH)
Top of the 7th over - 0 runs, 1 hit, 0 errors, 2 left on base; Pensacola 4 - Jacksonville 6
BOTTOM OF THE 7TH
Jacksonville Suns batting - Pitching for Pensacola Blue Wahoos : RHP R.J. Thompson Jr.
Pitching: LHP John Rock
Batting: LHB Frank Adams 0-0: Called Strike
0-1: Ground out 4-3 (Groundball, 4, EV 108.8 MPH)
Batting: RHB Wilson Cruz 0-0: Ball
1-0: Fly out, F8 (Flyball, 8LM, EV 81.9 MPH)
Batting: LHB Jerry Morales 0-0: Ball
1-0: Foul Ball, location: 2F
1-1: Ball
2-1: Foul Ball, location: 2F
2-2: Ball
3-2: Foul Ball, location: 2F
3-2: Foul Ball, location: 23F
3-2: Strikes out swinging
Bottom of the 7th over - 0 runs, 0 hits, 0 errors, 0 left on base; Pensacola 4 - Jacksonville 6
TOP OF THE 8TH
Pensacola Blue Wahoos batting - Pitching for Jacksonville Suns : RHP Jon Fenton
Pitching: RHP Tim Berigan
Batting: LHB Mike Fryback 0-0: Ball
1-0: Ball
2-0: Called Strike
2-1: Foul Ball, location: 23F
2-2: Ball
3-2: Strikes out looking
Pinch Hitting: LHB Dennis Lamb 0-0: Called Strike
0-1: Ball
1-1: Ball
2-1: Ball
3-1: Foul Ball, location: 7LDF
3-2: Strikes out swinging
Batting: RHB Jose Rivera 0-0: Ball
1-0: Called Strike
1-1: Ball
2-1: Foul Ball, location: 2F
2-2: Strikes out swinging
Top of the 8th over - 0 runs, 0 hits, 0 errors, 0 left on base; Pensacola 4 - Jacksonville 6
BOTTOM OF THE 8TH
Jacksonville Suns batting - Pitching for Pensacola Blue Wahoos : LHP John Rock
Now at 2B: Josh Dresch
Batting: RHB Chris Jenkins 0-0: Ball
1-0: Called Strike
1-1: Swinging Strike
1-2: Strikes out swinging
Batting: RHB Jeff Loggins 0-0: Ball
1-0: Ball
2-0: Foul Ball, location: 5SF
2-1: Ball
3-1: Swinging Strike
3-2: Base on Balls
Batting: LHB Art Newcomb 0-0: Ball
1-0: Ball
2-0: Foul Ball, location: 2F
2-1: Foul Ball, location: 7LSF
2-2: Ball
3-2: Foul Ball, location: 2F
3-2: Fly out, F7 (Flyball, 7LSF, EV 76.9 MPH)
Batting: RHB Jim Unknown 0-0: Ball
1-0: Foul Ball, location: 2RF
1-1: Ball
2-1: Fly out, F9 (Line Drive, 9S, EV 97.5 MPH)
Bottom of the 8th over - 0 runs, 0 hits, 0 errors, 1 left on base; Pensacola 4 - Jacksonville 6
TOP OF THE 9TH
Pensacola Blue Wahoos batting - Pitching for Jacksonville Suns : RHP Tim Berigan
Batting: LHB Mike Besaw 0-0: Called Strike
0-1: Ball
1-1: Ball
2-1: Foul Ball, location: 7LMF
2-2: Strikes out swinging
Batting: RHB Josh Meyers 0-0: Called Strike
0-1: Foul Ball, location: 2F
0-2: Ball
1-2: Strikes out swinging
Pitching: RHP Carlos Orbegoso
Batting: LHB Jonathan Wilkerson 0-0: Called Strike
0-1: Ball
1-1: Ball
2-1: Fly out, F7 (Flyball, 7, EV 87.5 MPH)
Top of the 9th over - 0 runs, 0 hits, 0 errors, 0 left on base; Pensacola 4 - Jacksonville 6
Sunday, April 7th , 2024 - OOTP Baseball 24.11 Build 85